 Dungeon Crawl Stone Soup version 0.32-a0-314-g526f7d4993 (webtiles) character file.

Game seed: 10757029989694699992

210 IdlyInterested the Trooper (level 5, 0/41 HPs)
             Began as a Demonspawn Gladiator on Feb 15, 2024.
             Succumbed to a scorpion's poison
             ... on level 4 of the Dungeon.
             The game lasted 00:06:46 (2498 turns).

IdlyInterested the Trooper (Demonspawn Gladiator)   Turns: 2498, Time: 00:06:47

Health: 0/41       AC:  9    Str: 17    XL:     5   Next: 56%
Magic:  5/5        EV: 11    Int:  8    God:
Gold:   182        SH:  4    Dex: 14    Spells: 4/4 levels left

rFire   . .          .
                       - Unarmed
rCold   + . .        z - +0 buckler
rNeg    . . .        o - +1 ring mail {rC+}
rPois   .            B - +0 helmet
rElec   .            (no cloak)
rCorr   .            (no gloves)
SInv    .            (no boots)
Will    .....        (no amulet)
Stlth   +            (no ring)
HPRegen 0.26/turn    (no ring)
MPRegen 0.09/turn

%: no passive effects
@: lethally poisoned (0 -> -4), on fire, glowing
A: thin metallic scales 1, foul stench 1, weakness stinger 1
a: no special abilities


You were on level 4 of the Dungeon.
You visited 1 branch of the dungeon, and saw 4 of its levels.

You collected 182 gold pieces.

Inventory:

Hand Weapons
 f - a +0 short sword
 h - a +0 hand axe
 s - a +0 great sword
 w - a +0 long sword
 y - a +0 whip
 A - a +3 dagger of electrocution
Missiles
 c - 4 throwing nets
 d - 3 javelins
 e - 2 boomerangs
 k - 13 stones (quivered)
 p - 4 curare-tipped darts
 v - 2 poisoned darts
Armour
 o - a +1 ring mail of cold resistance (worn)
 z - a +0 buckler (worn)
 B - a +0 helmet (worn)
Wands
 m - a wand of iceblast (8)
Scrolls
 a - 2 scrolls of enchant armour
 g - a scroll of vulnerability {unknown}
 i - a scroll of amnesia {unknown}
 j - a scroll of teleportation
 t - a scroll of immolation {unknown}
 u - a scroll of poison
 x - a scroll of brand weapon
Potions
 l - a potion of mutation {unknown}
 n - a potion of berserk rage {unknown}
 q - a potion of haste {unknown}
 r - a potion of resistance


   Skills:
 - Level 3.0 Fighting
 + Level 2.9 Throwing
 - Level 2.0 Armour
 - Level 2.6 Dodging
 - Level 2.0 Stealth
 - Level 3.0 Unarmed Combat
 - Level 2.0 Evocations


You had 4 spell levels left.
You didn't know any spells.
Your spell library contained the following spells:

 Spells                   Type           Power      Damage    Failure   Level
 Hailstorm                Conj/Ice       0%         3d5       97%         3
 Summon Ice Beast         Ice/Summ       0%         N/A       97%         3
 Sculpt Simulacrum        Ice/Alch       0%         N/A       100%        6


Dungeon Overview and Level Annotations

Branches:
Dungeon (4/15)
 Temple: D:4-7

Altars:


Innate Abilities, Weirdness & Mutations

You are partially covered in thin metallic scales. (AC +2)
You may rarely emit foul miasma when damaged in melee.
You have a small tail.


Message History

You feel sick. The scorpion barely misses you. The scorpion misses you.
You hit the scorpion.
The scorpion is moderately wounded.
You feel sick.
The scorpion stings you but does no damage.
You closely miss the scorpion. You tail-slap the scorpion.
The scorpion is heavily wounded.
You feel sick.
The scorpion stings you but does no damage.
You hit the scorpion.
The scorpion is severely wounded.
You feel sick. The scorpion stings you. You block the scorpion's attack.
You hit the scorpion but do no damage.
The scorpion is severely wounded.
You feel sick. The scorpion stings you.
You are more poisoned.
The scorpion poisons you!
You closely miss the scorpion.
The scorpion is severely wounded.
You feel very sick. The scorpion completely misses you.
The bombardier beetle sprays incendiary fluid at you.
The burning spray hits you.
You are covered in liquid fire!
You hit the scorpion.
You kill the scorpion!
The liquid fire burns you!
You feel very sick.
You shake off some of the fire as you move.
The liquid fire burns you!
You feel sick.
You hit the bombardier beetle.
The bombardier beetle is moderately wounded.
The liquid fire burns you!
* * * LOW HITPOINT WARNING * * *
You feel sick.
The bombardier beetle bites you but does no damage.
You shake off some of the fire as you move.
The liquid fire burns you!
* * * LOW HITPOINT WARNING * * *
You die...

#..... . .# #.#.## .#.##
#.#.## #...# #.#... #
#...# ##.#### .. #...#
#..# .. #...########.####
#.####.........[.....#
..#....B@..............##
#..<....................<
.#.....................#
#.####...#####.#...#.##
.. #...............# #
#...########....## #...#
#......... #...#
#.##....##
##.######.##.##.##


You could see a bombardier beetle.

Vanquished Creatures
  A scorpion (D:4)
  A hound (D:4)
  3 adders
  A dart slug (D:4)
  2 ribbon worms (D:3)
  An orc (D:3)
  5 endoplasms
  2 giant cockroaches
  6 goblins
  6 hobgoblins
  5 kobolds
  3 quokkas
  6 ball pythons
  A bat (D:1)
  2 frilled lizards (D:1)
  4 rats
49 creatures vanquished.

Notes
Turn   | Place    | Note
-------+----------+-------------------------------------------
     0 | D:1      | IdlyInterested the Demonspawn Gladiator began the quest for
                  | the Orb.
     0 | D:1      | Reached XP level 1. HP: 16/16 MP: 1/1
    23 | D:1      | Reached skill level 1 in Armour
    34 | D:1      | Reached skill level 1 in Stealth
    34 | D:1      | Gained mutation: You may rarely emit foul miasma when
                  | damaged in melee. [demonic ancestry]
    34 | D:1      | Reached XP level 2. HP: 14/22 MP: 2/2
   316 | D:1      | Gained mutation: You have a small tail. [demonic ancestry]
   316 | D:1      | Reached XP level 3. HP: 23/27 MP: 3/3
   966 | D:2      | Reached skill level 1 in Evocations
  1045 | D:2      | Gained mutation: You are partially covered in thin metallic
                  | scales. (AC +2) [demonic ancestry]
  1045 | D:2      | Reached XP level 4. HP: 33/33 MP: 4/4
  2272 | D:4      | Reached XP level 5. HP: 31/41 MP: 5/5
  2498 | D:4      | HP: 2/41 [burnt (5)]
  2498 | D:4      | Succumbed to a scorpion's poison

Illustrated notes

Levels and vault maps discovered:
D:1:      dpeg_arrival_arbitrary_b, layout_rooms, grunt_decor_junction
D:2:      layout_basic
D:3:      layout_loops_ring, minivault_25
D:4:      layout_loops_cross, hellmonk_ghost_happy_afterlife, feat_on_display

Skill      XL: |  1  2  3  4  5 |
---------------+----------------+-----
Armour         | 1 2 |  2.0
Stealth        | 1 2 |  2.0
Throwing       | 2 |  2.9
Evocations     | 1 2 |  2.0
Fighting       | 3 |  3.0
Unarmed Combat | 3 |  3.0
Dodging        | |  2.6

Action                     |  1- 3 |  4- 6 || total
---------------------------+-------+-------++-------
  Melee: Unarmed           |    96 |    90 ||   186
         Tailslap          |     4 |     9 ||    13
         Punch             |     1 |     3 ||     4
  Throw: Stone             |     8 |       ||     8
    Use: Scroll            |       |     4 ||     4
         Potion            |       |     1 ||     1
   Stab: Sleeping          |     2 |     4 ||     6
 Armour: Leather armour    |    39 |       ||    39
         Ring mail         |       |    51 ||    51
  Dodge: Dodged            |    58 |    40 ||    98
  Block: Buckler           |       |     5 ||     5

Table legend: (Time is in decaauts)
 A = Elapsed time spent in this place.
 B = Non-inter-level travel time spent in this place.
 C = Inter-level travel time spent in this place.
 D = Time resting spent in this place.
 E = Time spent auto-exploring this place.
 F = Levels seen in this place.
 G = Mean time per level.
                   A        B        C        D        E       F      G
               +--------+--------+--------+--------+--------+-----+--------+
         Total |   2489 |   2352 |    137 |    154 |   1613 |   4 |  622.2 |
       Dungeon |   2489 |   2352 |    137 |    154 |   1613 |   4 |  622.2 |
               +--------+--------+--------+--------+--------+-----+--------+

Top non-repeatable levels by time:
     D:2: 921 daAuts
     D:3: 677 daAuts
     D:1: 629 daAuts
     D:4: 261 daAuts
